Map: Pillars of Gold LE

Players

ViBE - Winner!

  • Race: Terran Terran
  • League: Bronze
  • Spawn Location: 1:00

Ryan

  • Race: Terran Terran
  • Spawn Location: 7:00

VOD

Have the link to the VOD?

Description

Time

  • Played on: March 9, 2021, 5:37 p.m.
  • Length: 17:19
Show
View Real Time Build Order
Export as new Build Order

ViBE Terran - Winner!

Build Orders:  

Get SALT Encoding   

  12  0:00  SCV  
  13  0:12  SCV  
  14  0:19  Supply Depot  
  14  0:25  SCV  
  15  0:41  SCV  
  16  0:43  Barracks  
  16  0:48  Refinery  
  16  0:53  SCV  
  17  1:05  SCV  
  18  1:17  SCV  
  19  1:29  SCV  
  20  1:33  Marine  
  21  1:41  Orbital Command  
  21  1:48  Command Center  
  21  1:54  Marine  
  21  2:00  Supply Depot  
  22  2:07  SCV  
  23  2:15  Barracks Reactor  
  23  2:22  Factory  
  23  2:27  SCV  
  24  2:39  SCV  
  25  2:50  Supply Depot  
  25  2:51  SCV  
  25  2:55  Marine x2  
  28  3:01  Orbital Command  
  28  3:04  SCV  
  28  3:05  Refinery  
  29  3:08  Barracks  
  29  3:10  Factory Tech Lab  
  29  3:13  Marine x2  
  29  3:16  SCV  
  29  3:18  Supply Depot  
  32  3:28  SCV  
  32  3:33  SCV  
  34  3:40  SCV  
  35  3:43  Marine x2  
  35  3:45  SCV  
  35  3:47  Siege Tank  
  41  3:52  SCV, Supply Depot  
  42  3:57  SCV  
  42  3:59  Barracks Tech Lab  
  42  4:01  Marine x2  
  45  4:03  Starport  
  45  4:10  SCV x2  
  47  4:17  Supply Depot  
  47  4:20  Siege Tank  
  47  4:22  SCV x2  
  52  4:34  SCV x2  
  54  4:39  Stimpack  
  54  4:42  Starport Reactor  
  54  4:43  Marine x3  
  57  4:46  SCV  
  57  4:47  SCV  
  57  4:48  Supply Depot  
  59  4:53  Command Center  
  59  4:58  SCV  
  59  4:59  SCV, Siege Tank  
  64  5:08  Refinery  
  64  5:09  Refinery  
  64  5:10  SCV  
  64  5:11  SCV  
  66  5:16  Marine x3  
  69  5:23  SCV x2  
  71  5:32  Engineering Bay  
  71  5:33  Medivac x2, Engineering Bay  
  71  5:35  SCV x2  
  77  5:45  Siege Tank  
  77  5:46  Marine x3  
  77  5:47  SCV x2  
  85  5:55  Supply Depot  
  85  5:59  SCV, Supply Depot  
  85  6:03  Terran Infantry Weapons Level 1  
  86  6:05  SCV  
  86  6:06  Terran Infantry Armor Level 1  
  86  6:08  Orbital Command  
  88  6:11  SCV  
  88  6:13  Marine x3  
  88  6:17  SCV  
  92  6:23  SCV  
  93  6:29  Armory  
  93  6:32  Hellion, Marine x3  
  97  6:35  SCV x2  
  100  6:42  Medivac x2  
  104  6:50  Marine x3  
  107  7:03  SCV x2  
  107  7:06  Orbital Command  
  107  7:07  Marine  
  110  7:17  SCV x2  
  110  7:22  Command Center  
  112  7:23  Marine x2  
  112  7:25  Marine, Hellbat  
  112  7:29  Terran Vehicle Weapons Level 1  
  117  7:34  Infernal Pre-Igniter  
  117  7:37  Combat Shield  
  117  7:46  Supply Depot x3  
  117  7:57  Supply Depot x2  
  117  8:00  Supply Depot  
  117  8:08  Medivac x2, SCV x3  
  124  8:13  Barracks  
  124  8:15  Barracks  
  124  8:16  Marine x3  
  124  8:17  Barracks  
  124  8:19  Barracks  
  127  8:26  Hellbat  
  129  8:37  Terran Infantry Weapons Level 2  
  129  8:38  Medivac x2  
  129  8:39  Terran Infantry Armor Level 2  
  129  8:40  SCV  
  129  8:41  SCV x2  
  136  8:48  Command Center  
  136  8:51  Refinery x2  
  136  8:53  SCV x3  
  139  9:00  Smart Servos  
  139  9:02  Marine  
  140  9:06  Barracks Reactor  
  140  9:07  Barracks Reactor x2  
  140  9:10  Barracks Reactor  
  140  9:11  Marine  
  140  9:12  Marine  
  142  9:17  Hellbat  
  142  9:19  Medivac, Marine  
  142  9:22  Medivac  
  149  9:26  SCV x3  
  149  9:29  Marine x2  
  154  9:33  Supply Depot  
  154  9:34  Supply Depot  
  154  9:36  Supply Depot  
  154  9:37  Marine  
  155  9:39  Hellbat  
  155  9:43  SCV x3  
  160  9:47  Marine x10  
  160  9:52  Medivac  
  172  9:54  Medivac  
  172  9:55  Marine  
  175  10:00  Hellbat  
  175  10:05  Marine x4  
  175  10:07  Marine x6  
  181  10:13  SCV x3, Marine  
  191  10:21  Command Center  
  191  10:23  Terran Vehicle Weapons Level 2, Marine x4  
  191  10:25  SCV x2  
  197  10:38  Barracks  
  197  10:41  Concussive Shells  
  197  10:42  Factory Reactor  
  197  10:49  Marine  
  197  10:50  Marine x2  
  200  10:59  Planetary Fortress  
  200  11:29  Barracks x2  
  200  11:30  Barracks  
  200  11:33  Barracks  
  200  11:34  Barracks x3  
  200  11:35  Starport  
  200  11:38  Factory  
  200  11:53  Barracks  
  200  11:54  Barracks  
  200  11:57  Command Center  
  200  12:10  Terran Infantry Weapons Level 3  
  200  12:11  Terran Infantry Armor Level 3  
  200  12:38  Planetary Fortress  
  200  12:44  Barracks Tech Lab x2  
  200  12:45  Barracks Tech Lab x2  
  200  12:46  Barracks Reactor  
  200  12:47  Barracks Reactor x4  
  200  12:48  Command Center  
  200  12:49  Factory Reactor  
  200  12:50  Starport Reactor  
  199  13:40  Terran Vehicle Weapons Level 3  
  199  14:09  Marine x5  
  200  14:10  Marine  
  198  14:25  Marine x2  
  198  14:30  Orbital Command  
  197  14:34  Command Center  
  187  14:42  Marine x20  
  187  14:45  Marine  
  199  14:47  Hi-Sec Auto Tracking  
  199  14:48  Neosteel Armor  
  196  15:04  Marine  
  196  15:05  Marine x3  
  199  16:38  Command Center  
Show
View Real Time Build Order
Export as new Build Order

Ryan Terran 

Build Orders:  

Get SALT Encoding   

  12  0:15  SCV, Supply Depot  
  13  0:32  SCV  
  14  0:42  Refinery  
  14  0:45  SCV  
  15  0:57  SCV  
  15  1:02  Refinery  
  16  1:09  SCV  
  17  1:16  Barracks  
  17  1:21  SCV  
  18  1:33  SCV  
  19  2:01  Engineering Bay  
  19  2:32  Bunker  
  19  2:33  Marine  
  20  2:42  Supply Depot  
  20  2:47  Supply Depot  
  20  2:51  Marine  
  20  2:52  Terran Infantry Weapons Level 1  
  20  2:57  SCV  
  22  3:09  Marine  
  22  3:11  Missile Turret  
  23  3:27  Marine  
  24  3:34  Barracks  
  24  3:44  Marine  
  25  3:53  Missile Turret  
  25  3:56  Supply Depot  
  25  4:03  Reaper  
  25  4:07  Factory  
  26  4:27  Ghost Academy, Supply Depot  
  26  4:35  Reaper  
  27  4:50  Bunker  
  27  4:56  Barracks Tech Lab  
  27  5:02  Widow Mine  
  29  5:07  Reaper  
  29  5:13  Enhanced Shockwaves  
  30  5:23  Widow Mine  
  32  5:34  Orbital Command  
  32  5:39  Reaper  
  33  5:44  Widow Mine  
  35  5:58  Starport  
  35  6:06  Widow Mine  
  35  6:07  Marine  
  39  6:11  Reaper  
  39  6:25  Marine  
  40  6:27  Widow Mine  
  40  6:31  Armory  
  42  6:42  Marine  
  43  7:00  Ghost  
  45  7:26  Starport Tech Lab  
  45  7:28  Ghost  
  47  7:34  Command Center  
  47  7:44  Factory  
  47  8:02  Hellbat  
  49  8:18  Barracks Reactor  
  49  8:24  Hellbat  
  51  8:28  Terran Infantry Weapons Level 2  
  51  8:35  Banshee  
  54  8:46  Hellion  
  57  8:55  SCV  
  57  9:07  Hellion, SCV  
  60  9:18  Banshee  
  63  10:01  Medivac  
  65  10:26  SCV  
  66  10:34  Terran Vehicle Weapons Level 1  
  66  10:38  SCV  
  67  10:44  Terran Infantry Armor Level 1  
  67  10:50  SCV, Viking  
  70  11:14  Supply Depot  
  70  11:30  Supply Depot  
  70  11:33  Supply Depot  
  70  11:35  SCV, Viking, Reaper x2  
  70  11:36  Supply Depot  
  75  11:47  SCV  
  76  12:07  Reaper x2  
  78  12:22  Fusion Core  
  78  12:26  Factory Tech Lab  
  78  12:28  Terran Vehicle And Ship Armor Level 1  
  78  12:29  Ghost  
  80  12:40  Reaper x2  
  80  12:41  Refinery  
  82  12:58  Ghost  
  84  13:19  Battlecruiser  
  90  13:40  Orbital Command  
  90  13:51  Marauder  
  92  14:02  Siege Tank  
  73  14:12  Marauder  
  45  14:34  Marauder  
Tags
 
League
Bronze
Matchup
TvT
Player
ViBE
Race
Terran
Spawn Locations
Cross Positions
Add a new tag
Caveats
  • Supply blocks, unpowered buildings, or Contaminate may cause inaccurate times.
  • Supply counts are checked every 10 seconds.